 Dungeon Crawl Stone Soup version 0.30-a0-218-gedb9141078 (webtiles) character file.

Game seed: 17925656863178103562

4699 BlueGoblin the Purveyor of Pain (level 10, -11/71 HPs)
             Began as a Demonspawn Necromancer on Oct 5, 2022.
             Was an Initiate of Kikubaaqudgha.
             Hit by a large rock thrown by a cyclops (46 damage)
             ... on level 8 of the Dungeon.
             The game lasted 00:16:04 (6422 turns).

BlueGoblin the Purveyor of Pain (DsNe)              Turns: 6422, Time: 00:16:05

Health: -11/71     AC:  4    Str:  9    XL:     10   Next: 21%
Magic:  23/23      EV: 13    Int: 21    God:    Kikubaaqudgha [......]
Gold:   358        SH:  0    Dex: 18    Spells: 20/27 levels left

rFire   . . .      SeeInvis .    o - +7 hand axe of Rutheer {vorpal, Fly Will- Int+3}
rCold   . . .      Faith    .    (no shield)
rNeg    . . .      Spirit   .    z - +0 troll leather armour
rPois   .          Reflect  .    (helmet restricted)
rElec   .          Harm     .    (no cloak)
rCorr   .          Rampage  .    (no gloves)
Will    .....                    (no boots)
Stlth   +.........               k - amulet of regeneration
HPRegen 1.91/turn                (no ring)
MPRegen 0.18/turn                (no ring)

@: confused, ambrosia-drunk, flying
A: horns 2, demonic guardian 2, spiny 1, big brain 1
a: Renounce Religion


You were on level 8 of the Dungeon.
You worshipped Kikubaaqudgha.
Kikubaaqudgha was noncommittal.
You visited 2 branches of the dungeon, and saw 8 of its levels.

You collected 358 gold pieces.

Inventory:

Hand Weapons
 a - a +2 short sword of draining
 b - a +2 short sword of venom
 n - a +3 dagger
 o - the +7 hand axe of Rutheer (weapon) {vorpal, Fly Will- Int+3}
   (You found it on level 4 of the Dungeon)

   It inflicts extra damage upon your enemies.
   Int:       It affects your intelligence (+3).
   Fly:       It grants you flight.
   Will:      It decreases your willpower.
 A - a +2 vorpal sling
Missiles
 B - 2 throwing nets
Armour
 w - a +0 leather armour of fire resistance
 y - +0 steam dragon scales
 z - a +0 troll leather armour (worn)
Jewellery
 h - an amulet of faith
 k - an amulet of regeneration (around neck)
 F - an amulet of reflection
Wands
 s - a wand of paralysis (5)
 t - a wand of polymorph (3)
 u - a wand of acid (4)
Scrolls
 d - a scroll of silence {unknown}
 g - 5 scrolls of identify
 l - a scroll of teleportation
 x - a scroll of immolation
 D - a scroll of amnesia
Potions
 c - a potion of might {unknown}
 e - 2 potions of haste
 f - a potion of magic
 i - 5 potions of curing
 j - a potion of heal wounds {unknown}
 m - a potion of cancellation
 p - a potion of attraction
 q - 2 potions of berserk rage
 r - a potion of ambrosia
 v - a potion of brilliance
 C - a potion of resistance {unknown}
 E - a potion of flight {unknown}


   Skills:
 + Level 4.1 Fighting
 + Level 3.6 Dodging
 - Level 1.7 Stealth
 + Level 9.4 Spellcasting
 + Level 11.5 Necromancy


You had 20 spell levels left.
You knew the following spells:

 Your Spells              Type           Power      Damage    Failure   Level
a - Animate Dead          Necr           55%        N/A       1%          4
q - Vampiric Draining     Necr           55%        2d9       1%          3

Your spell library contained the following spells:

 Spells                   Type           Power      Damage    Failure   Level
 Necrotise                Necr           100%       1d9       1%          1
 Agony                    Necr           55%        N/A       2%          5
 Apportation              Tloc           18%        N/A       10%         1
 Beastly Appendage        Tmut           18%        N/A       10%         1
 Summon Small Mammal      Summ           36%        N/A       10%         1
 Wereblood                Tmut           9%         N/A       14%         2
 Spider Form              Tmut/Pois      9%         N/A       28%         3


Dungeon Overview and Level Annotations

Branches:
Dungeon (8/15)             Temple (1/1) D:6
   Lair: D:8-11

Altars:
Dithmenos
Fedhas
Gozag
Hepliaklqana
Kikubaaqudgha
Makhleb
Nemelex Xobeh
Qazlal
Ru
Sif Muna
Uskayaw
Vehumet
Wu Jian
Yredelemnul

Shops:
D:1 ?


Innate Abilities, Weirdness & Mutations

You have a pair of horns on your head.
A demonic guardian rushes to your aid.
You are partially covered in sharp spines.
You have an unusually large brain. (Int +2)


Message History

You kill the orc!
Kikubaaqudgha accepts your kill.
No target in view!
No target in view!
You swap places.
You now have 347 gold pieces (gained 3).
There is an open door here.
Found an escape hatch in the floor.
Your orange demon disappears in a puff of smoke!
i - 5 potions of curing (gained 1)
You now have 358 gold pieces (gained 11).
Found a pair of gloves.
Found a war axe.
A cyclops is nearby!
The cyclops barely misses you.
You hit the cyclops.
The cyclops is lightly wounded.
The cyclops is struck by your spines. The cyclops hits you!
A demonic guardian appears!
The cyclops throws a large rock.
The large rock hits you!!!
Ouch! That really hurt!
* * * LOW HITPOINT WARNING * * *
Your rust devil completely misses the cyclops.
Your rust devil hits the cyclops.
Your rust devil corrodes the cyclops!
The cyclops throws a large rock.
The large rock closely misses you.
You are confused.
You feel invigorated.
The cyclops is no longer covered in acid.
The cyclops throws a large rock.
The large rock hits you!!
* * * LOW HITPOINT WARNING * * *
Your rust devil hits the cyclops.
Your rust devil corrodes the cyclops!
Your rust devil hits the cyclops!
The cyclops seems to be corroded for longer.
The cyclops hits your rust devil but does no damage.
Your rust devil hits the cyclops!
The cyclops seems to be corroded for longer.
The cyclops throws a large rock.
The large rock hits you!!!
Ouch! That really hurt!
You die...
Kikubaaqudgha rasps: "You have failed me!
Welcome... death!"

........# . ....K.K.# ....#
.. ..###C.## ...# ... .. ##?#
## ...# ... #. ./[(. .###..#
####. ... ## #$##. ..##..#
###+#......... #..###...#..#
#......#...... ....$.)
#..###......#.#...# ....
#.@##.........#...#
###.####..##.............#
##...4.##..##.........#..##
#..[..C.#..##.#.......#....
#.......#C....+.......#....
...........4..#+#......##....
###..#####.............##..##
#.# ##............##..## ...
..............##..##


You could see a cyclops (corroded, ally target) and a friendly rust devil
(summoned).

Vanquished Creatures
  Pikel (D:5)
  A troll (D:7)
  A hornet (D:7)
  Prince Ribbit (D:7)
  Grinder (D:5)
  A dream sheep (D:8)
  Eustachio (D:5)
  A steam dragon (D:6)
  Duvessa (D:6)
  2 black bears
  A sky beast (D:7)
  3 ice beasts
  2 ogres (D:6)
  A bullfrog (D:7)
  2 scorpions
  4 wights (D:7)
  Dowan (D:6)
  3 killer bees (D:8)
  2 hounds
  A gnoll bouda (D:8)
  6 orc priests
  2 iguanas
  Ijyb (D:5)
  3 orc wizards
  2 gnolls
  10 adders
  A dart slug (D:2)
  17 orcs
  A ball python (D:1)
  2 bats
  9 endoplasms
  4 giant cockroaches
  5 goblins
  3 hobgoblins
  3 jackals (D:4)
  9 kobolds
  4 quokkas
  3 frilled lizards (D:1)
  6 rats
122 creatures vanquished.

Vanquished Creatures (collateral kills)
  A slime creature (D:8)
  Sigmund (D:5)
  An ice beast (D:5)
  A black bear (D:5)
  2 necrophages
  A bullfrog (D:4)
  A scorpion (D:6)
  2 wights (D:7)
  A killer bee (D:8)
  An iguana (D:4)
  5 gnolls
  An adder (D:2)
  An ufetubus (D:5)
  A butterfly (D:6)
20 creatures vanquished.

Vanquished Creatures (others)
  3 killer bee zombies (D:8)
  An ogre zombie (D:6)
  A gnoll zombie (D:8)
  An orc zombie (D:5)
6 creatures vanquished.

Grand Total: 148 creatures vanquished

Notes
Turn   | Place    | Note
-------+----------+-------------------------------------------
     0 | D:1      | BlueGoblin the Demonspawn Necromancer began the quest for
                  | the Orb.
     0 | D:1      | Reached XP level 1. HP: 13/13 MP: 3/3
   178 | D:1      | Gained mutation: You have an unusually large brain. (Int
                  | +2) [demonic ancestry]
   178 | D:1      | Reached XP level 2. HP: 19/19 MP: 5/5
   246 | D:1      | Reached skill level 5 in Necromancy
   761 | D:1      | Found Afi Yqua's Magic Scroll Boutique.
  1196 | D:1      | Gained mutation: A weak demonic guardian rushes to your
                  | aid. [demonic ancestry]
  1196 | D:1      | Reached XP level 3. HP: 24/24 MP: 4/6
  1676 | D:2      | Learned a level 3 spell: Vampiric Draining
  1705 | D:2      | Gained mutation: A demonic guardian rushes to your aid.
                  | [demonic ancestry]
  1705 | D:2      | Reached XP level 4. HP: 28/31 MP: 4/8
  1767 | D:2      | You fall into a shaft and drop 2 floors!
  1865 | D:4      | Noticed a bullfrog
  1874 | D:4      | Noticed a necrophage
  1896 | D:4      | Killed a necrophage
  1897 | D:4      | Gained mutation: You have a pair of small horns on your
                  | head. [demonic ancestry]
  1897 | D:4      | Reached XP level 5. HP: 14/36 MP: 8/10
  1934 | D:4      | Reached skill level 6 in Necromancy
  2132 | D:4      | Reached XP level 6. HP: 29/42 MP: 2/12
  2276 | D:4      | Reached skill level 1 in Fighting
  2644 | D:4      | Identified the +7 hand axe of Rutheer {vorpal, Fly Will-
                  | Int+3}
  2763 | D:4      | Reached skill level 7 in Necromancy
  2763 | D:4      | Reached XP level 7. HP: 29/48 MP: 9/14
  2925 | D:4      | Learned a level 4 spell: Animate Dead
  2983 | D:5      | Entered Level 5 of the Dungeon
  3113 | D:5      | Reached skill level 5 in Spellcasting
  3154 | D:5      | Noticed Ijyb
  3160 | D:5      | Killed Ijyb
  3249 | D:5      | Noticed Eustachio
  3254 | D:5      | Killed Eustachio
  3257 | D:5      | Noticed Pikel
  3271 | D:5      | Killed Pikel
  3272 | D:5      | Reached skill level 8 in Necromancy
  3272 | D:5      | Gained mutation: You have a pair of horns on your head.
                  | [demonic ancestry]
  3272 | D:5      | Reached XP level 8. HP: 23/55 MP: 11/18
  3592 | D:5      | Noticed Sigmund
  3600 | D:5      | Killed Sigmund
  3601 | D:5      | Reached skill level 9 in Necromancy
  3626 | D:5      | Noticed Grinder
  3635 | D:5      | Killed Grinder
  3772 | D:5      | Identified the +5 whip of Unnyl {venom, rElec rCorr Int-4
                  | SInv}
  4106 | D:6      | Gained mutation: You are partially covered in sharp spines.
                  | [demonic ancestry]
  4106 | D:6      | Reached XP level 9. HP: 61/61 MP: 6/20
  4256 | D:6      | Reached skill level 10 in Necromancy
  4412 | D:6      | Noticed Dowan
  4412 | D:6      | Noticed Duvessa
  4414 | D:6      | Killed Dowan
  4418 | D:6      | Killed Duvessa
  4598 | D:6      | Found a staircase to the Ecumenical Temple.
  4614 | Temple   | Entered the Ecumenical Temple
  4637 | Temple   | Became a worshipper of Kikubaaqudgha
  4765 | D:6      | Found a sparkling altar of Nemelex Xobeh.
  5335 | D:7      | Noticed a troll
  5348 | D:7      | Killed a troll
  5453 | D:7      | Paralysed by a hornet for 1 turns
  5569 | D:7      | Reached skill level 11 in Necromancy
  5644 | D:7      | Noticed Prince Ribbit
  5684 | D:7      | Killed Prince Ribbit
  5685 | D:7      | Reached XP level 10. HP: 15/69 MP: 13/23
  6182 | D:8      | Noticed a cyclops
  6184 | D:8      | Noticed a cyclops
  6185 | D:8      | Noticed a sun demon
  6422 | D:8      | Hit by a large rock thrown by a cyclops

Illustrated notes

Levels and vault maps discovered:
D:1:      dpeg_arrival_prison, layout_basic, serial_shops, shop, hex_medium
D:2:      layout_rooms
D:4:      minmay_chambers_of_fours, layout_basic
D:5:      layout_gridville, eino_tiny_chamber, uniq_ijyb, uniq_grinder,
          uniq_eustachio, uniq_sigmund, uniq_pikel
D:6:      layout_basic, overflow_temple_1_default,
          minmay_temple_entry_butterflies, minmay_door_square, uniq_duvessa
D:7:      layout_rooms, uniq_prince_ribbit1
D:8:      minmay_curly_fans, layout_basic, mainiacjoe_overflow_catch_the_wave,
          dreamdust_gnoll_shepherd
Temple:   hellmonk_temple_two_chambers

Skill      XL: |  1  2  3  4  5  6  7  8  9 10 |
---------------+-------------------------------+-----
Necromancy     | 5 6 7 8 9 11 | 11.5
Spellcasting   | 3 4 6 7 9 |  9.4
Dodging        | 2 3 |  3.6
Fighting       | 1 2 3 4 |  4.1
Stealth        | |  1.7

Action                   |  1- 3 |  4- 6 |  7- 9 | 10-12 || total
-------------------------+-------+-------+-------+-------++-------
Melee: Short sword       |    15 |    40 |       |       ||    55
       Headbutt          |       |     5 |    15 |     6 ||    26
       Hand axe          |       |     2 |    81 |    20 ||   103
       Punch             |       |       |     2 |     1 ||     3
 Fire: Sling             |     8 |       |       |       ||     8
 Cast: Necrotise         |    51 |    40 |    19 |       ||   110
       Vampiric Draining |       |     4 |    35 |     5 ||    44
       Animate Dead      |       |       |     5 |     1 ||     6
Evoke: Wand              |       |       |     9 |       ||     9
  Use: Scroll            |       |     4 |    11 |       ||    15
       Potion            |       |       |       |     1 ||     1
 Stab: Paralysed         |       |       |     9 |       ||     9
       Sleeping          |       |       |     1 |     3 ||     4
Armor: Robe              |     4 |    11 |     6 |       ||    21
       Troll leather arm |       |       |    13 |     5 ||    18
Dodge: Dodged            |    15 |    40 |    71 |    22 ||   148

Table legend: (Time is in decaauts)
 A = Elapsed time spent in this place.
 B = Non-inter-level travel time spent in this place.
 C = Inter-level travel time spent in this place.
 D = Time resting spent in this place.
 E = Time spent auto-exploring this place.
 F = Levels seen in this place.
 G = Mean time per level.
                   A        B        C        D        E       F      G
               +--------+--------+--------+--------+--------+-----+--------+
         Total |   6455 |   5862 |    593 |    152 |   4597 |   8 |  806.9 |
       Dungeon |   6425 |   5837 |    588 |    152 |   4587 |   7 |  917.9 |
        Temple |     29 |     24 |      5 |      0 |     10 |   1 |   29.0 |
               +--------+--------+--------+--------+--------+-----+--------+

Top non-repeatable levels by time:
     D:1: 1379 daAuts
     D:6: 1261 daAuts
     D:4: 1242 daAuts
     D:5: 997 daAuts
     D:7: 857 daAuts
     D:2: 388 daAuts
     D:8: 300 daAuts
  Temple: 29 daAuts
